Map: Romanticide LE

Players

ExpecT

  • Race: Terran Terran

Rex - Winner!

  • Race: Zerg Zerg

Event: DreamHack SC2 Masters 2021 Fall

VOD

Have the link to the VOD?

Description

Time

  • Played on: July 28, 2021, 7:50 a.m.
  • Length: 16:50

All games in this series

Show
View Real Time Build Order
Export as new Build Order

ExpecT Terran 

Build Orders: Hellion Opening, Reaper Expand 

Get SALT Encoding   

  12  0:00  SCV  
  13  0:12  SCV  
  14  0:16  Supply Depot  
  14  0:24  SCV  
  15  0:38  SCV  
  15  0:39  Barracks  
  16  0:43  Refinery  
  16  0:50  SCV  
  17  1:02  SCV  
  18  1:14  SCV  
  19  1:27  Reaper  
  19  1:28  Orbital Command  
  20  1:39  Command Center  
  20  1:49  Supply Depot  
  20  1:53  SCV  
  21  1:59  Marine  
  22  2:04  Factory  
  22  2:08  SCV  
  23  2:14  Refinery  
  23  2:20  SCV  
  23  2:21  Barracks Reactor  
  24  2:32  SCV  
  25  2:44  SCV  
  25  2:50  Orbital Command  
  26  2:51  Starport  
  26  2:56  SCV  
  27  3:03  Barracks Tech Lab  
  27  3:04  Hellion x2  
  31  3:08  SCV  
  32  3:17  SCV  
  33  3:20  SCV  
  34  3:28  Viking  
  34  3:29  SCV, Hellion x2  
  34  3:31  Supply Depot  
  41  3:35  SCV  
  41  3:41  SCV  
  43  3:42  Stimpack  
  43  3:47  SCV  
  44  3:53  SCV  
  44  3:54  Supply Depot, Hellion  
  44  3:55  Hellion  
  49  3:59  SCV  
  49  4:02  Liberator  
  53  4:06  SCV  
  54  4:16  SCV  
  55  4:17  Supply Depot  
  55  4:18  SCV  
  56  4:24  Hellion  
  56  4:25  Hellion  
  56  4:27  Armory  
  56  4:28  SCV  
  56  4:30  SCV  
  62  4:40  SCV  
  62  4:41  Command Center  
  62  4:42  SCV  
  64  4:54  SCV  
  64  4:55  SCV  
  64  4:56  Barracks  
  64  4:58  Barracks, Factory Reactor  
  64  4:59  Marine, Starport Reactor  
  67  5:06  SCV  
  67  5:07  Engineering Bay  
  68  5:08  SCV  
  68  5:10  Engineering Bay  
  69  5:16  Marine  
  69  5:18  Refinery  
  69  5:20  Refinery  
  70  5:22  Supply Depot  
  70  5:30  SCV x2  
  62  5:46  Marine x2  
  62  5:47  Marine, Combat Shield  
  58  5:53  Terran Infantry Armor Level 1, Terran Infantry Weapons Level 1  
  58  5:54  Orbital Command, Factory Reactor  
  58  5:55  SCV, Barracks x2  
  58  5:56  Marine x2, SCV  
  59  6:05  Marine x3  
  59  6:08  SCV x2  
  64  6:12  Factory  
  64  6:14  Marine x2, Medivac x2  
  70  6:20  Orbital Command  
  70  6:22  Marine  
  70  6:23  Marine x2  
  70  6:24  SCV x2  
  75  6:29  Supply Depot  
  75  6:30  Supply Depot  
  75  6:31  Widow Mine x2  
  75  6:32  Marine  
  80  6:33  Marine  
  80  6:36  SCV x2  
  83  6:40  Marine x2  
  83  6:42  Missile Turret  
  83  6:45  Missile Turret  
  85  6:47  SCV  
  85  6:48  SCV x2  
  85  6:52  Barracks Reactor x2  
  88  6:57  Missile Turret  
  88  6:59  Marine x4, SCV  
  88  7:00  Marine  
  94  7:05  Medivac x2, Factory Tech Lab  
  98  7:09  Supply Depot, SCV x2  
  98  7:11  Supply Depot  
  98  7:12  Supply Depot  
  99  7:17  Marine  
  99  7:19  Marine x4  
  103  7:22  SCV  
  103  7:23  SCV, Widow Mine x2  
  106  7:34  SCV  
  106  7:35  Marine, SCV  
  105  7:37  Marine x7  
  105  7:38  Medivac x2  
  105  7:42  Smart Servos  
  116  7:44  Widow Mine  
  116  7:45  Widow Mine  
  116  7:48  SCV  
  121  7:52  Refinery  
  121  7:53  Supply Depot  
  121  7:54  Marine x2  
  121  7:55  Marine x3  
  122  7:59  Widow Mine  
  122  8:03  Marine x2  
  122  8:04  Marine x2  
  126  8:07  Terran Infantry Weapons Level 2  
  126  8:10  Terran Infantry Armor Level 2  
  126  8:11  Marine  
  127  8:13  Marine x2  
  129  8:21  Thor  
  129  8:23  Marine x2  
  137  8:29  Supply Depot  
  137  8:30  Supply Depot  
  137  8:32  Marine x4  
  141  8:44  Widow Mine  
  141  8:54  Supply Depot x2, Widow Mine, Command Center  
  141  8:55  Supply Depot  
  137  9:03  Marine  
  137  9:04  Marauder  
  137  9:05  Marine x4  
  137  9:06  Marine x3  
  147  9:10  SCV  
  147  9:11  SCV x2  
  150  9:21  Marine  
  150  9:22  Thor  
  150  9:23  Marine x3  
  160  9:25  Marauder  
  160  9:28  Marine x3  
  157  9:37  Medivac  
  157  9:38  Medivac  
  148  9:39  Widow Mine x2  
  148  9:43  Marine x2  
  148  9:44  Marine x3  
  157  9:46  Marine x2, Marauder  
  161  9:55  Barracks  
  161  9:56  Barracks  
  161  9:57  Barracks  
  161  10:01  Widow Mine  
  161  10:02  Widow Mine  
  161  10:06  Thor  
  171  10:10  Missile Turret  
  171  10:12  SCV  
  171  10:13  SCV  
  173  10:20  Marine x4  
  173  10:21  Marine x4, Marauder  
  179  10:26  Refinery  
  179  10:29  SCV x2  
  179  10:30  SCV  
  179  10:32  Refinery  
  182  10:38  Marine  
  181  10:49  Marine x4, Marauder  
  181  10:50  Command Center  
  181  11:10  Marine x7  
  181  11:11  Marine x4, Marauder  
  181  11:18  Thor  
  163  11:20  Supply Depot  
  163  11:21  Supply Depot  
  160  11:28  Marine x9  
  160  11:29  Marine x2  
  136  11:32  Marauder  
  121  11:45  Medivac x2  
  121  11:46  Marine x5  
  121  11:53  Widow Mine x2  
  125  11:54  Marauder  
  125  11:56  Marine x3  
  125  11:57  Marine x3  
  133  12:01  Widow Mine  
  133  12:03  Terran Infantry Weapons Level 3  
  133  12:04  Marine x2  
  133  12:06  Marine  
  133  12:08  Barracks Tech Lab x2  
  136  12:14  Marine x3  
  136  12:15  Marauder  
  141  12:16  Barracks Tech Lab  
  141  12:21  Marine x2  
  141  12:22  Marine x2  
  145  12:24  Marine  
  145  12:27  Marine x2  
  147  12:30  SCV x3  
  147  12:32  Marine  
  146  12:37  Widow Mine x3  
  146  12:39  Marine x2  
  146  12:40  Marauder  
  156  12:49  Marine x2  
  156  12:50  Marine, Marauder  
  161  12:57  Missile Turret  
  161  12:58  Thor, Widow Mine  
  161  12:59  Widow Mine, Planetary Fortress  
  161  13:05  Marine x3, Marauder x2  
  178  13:07  SCV  
  178  13:11  Marine  
  178  13:12  Marauder  
  182  13:16  SCV x2  
  184  13:21  Terran Infantry Armor Level 3  
  184  13:24  Marine x2  
  186  13:28  Marine x2  
  186  13:29  Marauder  
  186  13:31  Marine x3  
  193  13:41  Orbital Command  
  193  13:43  Marine  
  193  13:44  Marauder  
  166  13:53  Marine x3  
  166  13:54  Marine x5, Marauder  
  166  13:55  Marauder  
  155  13:59  SCV x2  
  155  14:00  SCV  
  155  14:01  Marine  
  155  14:02  Medivac x2  
  156  14:04  Widow Mine x2  
  156  14:06  Thor  
  166  14:10  SCV  
  166  14:11  SCV  
  166  14:12  SCV  
  166  14:15  Marine  
  166  14:16  Marauder  
  172  14:23  Supply Depot  
  172  14:24  Marine x4, Supply Depot  
  172  14:25  Marauder  
  172  14:29  Marine  
  172  14:30  Marine  
  180  14:36  Marauder  
  180  14:37  Medivac  
  180  14:44  Marine, Medivac  
  180  14:45  Supply Depot, Marauder x2  
  187  14:51  Marine x2  
  187  14:52  Marine x3, Marauder  
  185  14:58  Widow Mine x3, Marauder  
  193  15:03  Neosteel Armor  
  193  15:04  Supply Depot  
  187  15:28  Marine  
  182  15:29  Widow Mine x3  
  182  15:31  Marine  
  182  15:32  Marine x4, Marauder x3  
  170  15:44  Marine  
  170  15:45  Marine, Marauder  
  170  15:46  Marine  
  135  15:50  Widow Mine x2, Medivac x2  
  135  15:53  Marine x2  
  135  15:54  Marine x2, Marauder x2  
  140  16:00  Marine x2  
  118  16:23  Marine x3, Marauder  
Show
View Real Time Build Order
Export as new Build Order

Rex Zerg - Winner!

Build Orders: Hatch First, Muta Ling Bane 

Get SALT Encoding   

  12  0:00  Drone  
  13  0:13  Overlord  
  13  0:18  Drone  
  14  0:31  Drone x2  
  16  0:49  Hatchery  
  15  0:52  Drone  
  15  0:54  Drone  
  17  0:58  Drone  
  18  1:09  Extractor  
  17  1:14  Spawning Pool  
  17  1:16  Drone  
  17  1:20  Drone  
  18  1:29  Drone  
  19  1:40  Drone  
  20  1:51  Drone  
  21  2:00  Queen  
  21  2:01  Queen, Zergling x4  
  27  2:12  Overlord  
  27  2:13  Drone  
  28  2:21  Hatchery  
  27  2:25  Drone  
  28  2:31  Drone  
  28  2:34  Drone  
  28  2:36  Drone  
  30  2:39  Queen  
  32  2:44  Overlord  
  32  2:51  Metabolic Boost  
  32  2:52  Drone  
  32  2:56  Drone x2  
  35  3:10  Drone x4  
  39  3:15  Overlord  
  39  3:18  Queen  
  39  3:19  Drone  
  42  3:23  Drone  
  43  3:29  Overlord  
  43  3:33  Queen  
  45  3:34  Queen  
  45  3:37  Drone  
  48  3:41  Drone  
  48  3:45  Drone  
  48  3:46  Drone x4  
  54  3:51  Overlord  
  54  3:52  Drone  
  54  3:53  Drone  
  54  3:54  Drone  
  57  4:00  Drone  
  59  4:02  Drone  
  59  4:04  Overlord  
  59  4:05  Overlord  
  59  4:14  Lair, Drone x2  
  59  4:16  Extractor, Drone  
  61  4:18  Drone  
  61  4:19  Extractor  
  61  4:22  Baneling Nest  
  60  4:26  Spore Crawler x2  
  60  4:28  Zergling x6, Spore Crawler  
  60  4:33  Queen  
  60  4:36  Queen  
  64  4:41  Overlord  
  64  4:45  Zergling x6  
  67  4:53  Drone x6  
  67  4:56  Drone x2  
  75  5:01  Drone x4  
  79  5:07  Drone  
  79  5:08  Drone x2  
  79  5:14  Extractor, Drone, Spire  
  80  5:15  Drone  
  80  5:17  Drone  
  80  5:19  Drone  
  80  5:21  Baneling x5  
  83  5:34  Drone x5  
  87  5:35  Drone  
  87  5:42  Drone x3  
  89  5:43  Drone  
  89  5:46  Drone  
  89  5:50  Extractor  
  89  5:51  Drone  
  89  5:52  Extractor  
  87  5:57  Centrifical Hooks  
  87  5:59  Drone  
  87  6:01  Overlord  
  88  6:04  Overlord  
  88  6:09  Hatchery  
  87  6:24  Overlord  
  87  6:25  Overlord x2  
  87  6:26  Mutalisk x5  
  87  6:30  Zergling x10  
  102  6:34  Zerg Flyer Weapons Level 1  
  102  6:36  Zergling x6  
  105  6:44  Zergling x4  
  107  6:51  Evolution Chamber  
  107  6:53  Zergling x12  
  112  6:58  Zergling x10, Evolution Chamber  
  116  7:02  Overlord  
  116  7:03  Hatchery  
  115  7:12  Hatchery  
  114  7:16  Baneling x5  
  114  7:23  Mutalisk x6  
  114  7:27  Overlord  
  122  7:32  Mutalisk x2  
  122  7:36  Drone x6  
  131  7:39  Drone  
  131  7:40  Drone x2  
  131  7:43  Drone  
  131  7:44  Drone  
  130  7:47  Drone x2  
  130  7:50  Overseer  
  132  7:52  Drone x3  
  132  7:55  Pneumatized Carapace  
  135  8:00  Drone x3  
  138  8:07  Zerg Melee Weapons Level 1, Zerg Ground Armor Level 1  
  138  8:08  Drone x2  
  140  8:13  Baneling x8  
  140  8:14  Baneling x2  
  140  8:18  Drone x4  
  144  8:25  Zergling x16  
  152  8:36  Overlord x5  
  152  8:38  Baneling  
  152  8:39  Baneling x6  
  152  8:45  Zergling x14  
  152  8:46  Drone  
  151  8:48  Drone x2  
  151  8:49  Drone  
  151  8:52  Drone  
  151  8:54  Drone  
  156  8:57  Drone x6  
  156  9:02  Infestation Pit  
  161  9:10  Zerg Flyer Weapons Level 2  
  161  9:13  Mutalisk  
  161  9:15  Mutalisk x4, Overlord  
  161  9:16  Mutalisk  
  173  9:22  Zergling x18  
  182  9:29  Spore Crawler  
  182  9:30  Spore Crawler  
  176  9:31  Spore Crawler  
  176  9:34  Zergling x20  
  182  9:44  Hive  
  182  9:54  Baneling x8  
  182  9:57  Zergling x30  
  197  10:00  Drone x2  
  197  10:06  Baneling x2  
  199  10:09  Zerg Melee Weapons Level 2, Zerg Ground Armor Level 2  
  198  10:38  Zergling x4  
  193  10:46  Zergling x28  
  189  10:53  Zergling x22, Baneling x4  
  199  10:59  Baneling  
  199  11:00  Baneling x17  
  199  11:09  Zergling x2  
  199  11:10  Zergling x4  
  196  11:16  Zergling x18  
  196  11:17  Baneling x14  
  188  11:21  Baneling x6  
  179  11:27  Zergling x22  
  179  11:31  Zergling x10  
  170  11:33  Zergling x4  
  170  11:37  Mutalisk x3  
  154  11:41  Zergling x2, Mutalisk  
  154  11:42  Zergling x4  
  153  11:49  Zergling x6  
  153  11:50  Mutalisk  
  158  11:58  Zergling x2  
  158  11:59  Zergling x12  
  158  12:00  Extractor  
  164  12:02  Overseer  
  164  12:03  Overseer  
  164  12:07  Zergling x10, Extractor  
  168  12:11  Zergling x4  
  170  12:16  Zergling x8  
  170  12:18  Baneling  
  170  12:19  Baneling x15  
  174  12:25  Mutalisk  
  176  12:30  Zergling x12  
  176  12:31  Baneling x5  
  176  12:34  Zergling x10  
  181  12:41  Hatchery  
  181  12:42  Zergling x18  
  186  12:51  Mutalisk x3  
  186  12:55  Zergling x6  
  186  12:57  Extractor, Hatchery  
  193  12:58  Overlord x3  
  193  13:05  Ultralisk Cavern  
  192  13:08  Baneling x7  
  192  13:17  Zergling x14  
  199  13:33  Zerg Ground Armor Level 3, Zerg Melee Weapons Level 3  
  199  13:36  Hatchery  
  195  13:43  Baneling x13  
  176  13:50  Zergling x22  
  176  13:51  Zergling x2  
  176  13:55  Zergling x14  
  178  14:00  Chitinous Plating  
  166  14:12  Zergling x2, Ultralisk x2  
  166  14:13  Zergling x10  
  166  14:14  Baneling x2  
  184  14:36  Unknown  
  184  14:37  Mutalisk x6  
  192  14:40  Baneling  
  192  14:44  Baneling x5  
  191  14:51  Zergling x46  
  196  15:06  Zergling x8  
  200  15:13  Spore Crawler x3  
  200  15:14  Zergling x8  
  200  15:19  Anabolic Synthesis  
  198  15:27  Zergling x20  
  170  15:43  Zergling x42  
  170  15:46  Zergling x20  
  176  15:53  Zergling x2  
  176  15:55  Baneling x14  
  168  15:58  Zergling x6  
  167  16:07  Zergling x14  
  167  16:10  Zergling x2  
  167  16:11  Zergling x6  
  159  16:18  Mutalisk x3  
  162  16:24  Zergling x10  
  169  16:25  Zergling x2  
  169  16:29  Drone x3  
  173  16:30  Drone  

Tags
 
Add a new tag
Caveats
  • Supply blocks, unpowered buildings, or Contaminate may cause inaccurate times.
  • Supply counts are checked every 10 seconds.